 Dungeon Crawl Stone Soup version 0.21.1-1-g345015f (webtiles) character file.

238 kaesh the Ruffian (level 5, -1/52 HPs)
             Began as a Troll Monk on Mar 13, 2018.
             Was an Initiate of Ru.
             Slain by letownia2's ghost (3 damage)
             ... on level 5 of the Dungeon.
             The game lasted 00:07:05 (2517 turns).

kaesh the Ruffian (Troll Monk)                      Turns: 2517, Time: 00:07:06

Health: -1/52      AC: 12    Str: 20    XL:     5   Next: 78%
Magic:  4/4        EV: 11    Int:  6    God:    Ru [......]
Gold:   180        SH:  0    Dex: 12    Spells: 4/4 levels left

rFire    . . .     SeeInvis .     - Unarmed
rCold    . . .     Gourm    +   (no shield)
rNeg     . . .     Faith    .   a - +0 robe
rPois    .         Spirit   .   (helmet restricted)
rElec    .         Reflect  .   (no cloak)
rCorr    .         Harm     .   (gloves unavailable)
MR       .....                  (boots unavailable)
Stlth    ..........             (no amulet)
HPRegen  0.57/turn              h - +6 ring of protection
MPRegen  0.09/turn              (no ring)

@: no status effects
A: large, unfitting armour, claws 3, thin metallic scales 1, deformed body, fast
metabolism 3, gourmand, regeneration 1, shaggy fur 1, tough skin 2, no stealth
a: Renounce Religion


You were on level 5 of the Dungeon.
You worshipped Ru.
Ru was noncommittal.
You were very full.

You visited 1 branch of the dungeon, and saw 6 of its levels.

You collected 180 gold pieces.

Inventory:

Armour
 a - a +0 robe (worn)
Jewellery
 h - a +6 ring of protection (left claw)
Wands
 d - a wand of flame (19)
Scrolls
 c - a scroll of amnesia
 e - a scroll of remove curse
 g - a scroll of identify
 j - 2 scrolls of enchant armour {unknown}
Potions
 f - a potion of curing
 i - 2 potions of flight {unknown}
Books
 k - a book of Misfortune

   Spells                             Type                      Level
   a - Confusing Touch                Hexes                        1
   b - Confuse                        Hexes                        3
   c - Gell's Gravitas                Translocation                3
   d - Petrify                        Transmutation/Earth          4
   e - Metabolic Englaciation         Hexes/Ice                    5
   f - Yara's Violent Unravelling     Hexes/Transmutation          5
Comestibles
 b - 10 rations


   Skills:
 + Level 2.9 Fighting
 + Level 3.5 Dodging
 + Level 5.3 Unarmed Combat


You had 4 spell levels left.
You didn't know any spells.

Dungeon Overview and Level Annotations

Branches:
Dungeon (6/15)
 Temple: D:4-7

Altars:
Ashenzari
Dithmenos
Ru

Annotations:
D:2 Sigmund
D:5 letownia2's ghost, novice MfSk


Innate Abilities, Weirdness & Mutations

You are too large for most types of armour.
You have claws for hands.
Your metabolism is lightning-fast.
You like to eat raw meat.
Your natural rate of healing is unusually fast.
You are covered in fur. (AC +1)
You have very tough skin. (AC +2)
You cannot be stealthy.
You are partially covered in thin metallic scales. (AC +2)
Armour fits poorly on your strangely shaped body.


Message History

The crimson imp hits you but does no damage.
The jelly misses you. Letownia2's ghost hits you!
* * * LOW HITPOINT WARNING * * *
The jackal zombie completely misses you.
You claw the crimson imp!
The crimson imp is severely wounded.
The jackal zombie completely misses you.
The crimson imp hits you but does no damage.
Letownia2's ghost hits you but does no damage.
The jelly hits you but does no damage.
You barely miss the crimson imp.
The crimson imp is severely wounded.
The jackal zombie closely misses you.
The crimson imp hits you but does no damage.
The jelly hits you.
* * * LOW HITPOINT WARNING * * *
You are splashed with acid!
The acid burns!
* * * LOW HITPOINT WARNING * * *
Letownia2's ghost hits you.
You die...

#'# #..# #..#### #..#
#...... ...+ ...... ...#
#...# #..#
##...##+####..## .
+...w..........# ..
#..JWZ.........+ ...
####@###).##..## ...#
..######5#######'###.....
...Z.......# #..........
...........# #..>.......
%..........# #..........
.###..###.## ########...
#.. .# .. ... .. ... ...


You could see a worm, a jelly, letownia2's ghost, a crimson imp and a jackal
zombie.

Vanquished Creatures
  A scorpion (D:4)
  An orc wizard (D:4)
  A gnoll (D:1)
  3 adders
  3 oozes
  An adder skeleton (D:5)
  3 worms
  2 dart slugs
  9 orcs
  9 bats
  3 giant cockroaches
  8 goblins
  8 hobgoblins
  11 jackals
  5 kobolds
  2 quokkas (D:3)
  6 frilled lizards
  4 rats
  A plant (D:6)
81 creatures vanquished.

Notes
Turn   | Place    | Note
-------+----------+-------------------------------------------
     0 | D:1      | kaesh the Troll Monk began the quest for the Orb.
     0 | D:1      | Reached XP level 1. HP: 22/22 MP: 0/0
   145 | D:1      | Reached XP level 2. HP: 29/29 MP: 1/1
   152 | D:1      | Gained mutation: Armour fits poorly on your strangely shaped body. [potion of mutation]
   152 | D:1      | Gained mutation: You are partially covered in thin metallic scales. (AC +2) [potion of mutation]
   386 | D:1      | Reached XP level 3. HP: 36/36 MP: 2/2
   899 | D:2      | Found a shadowy altar of Dithmenos.
   901 | D:2      | Reached skill level 4 in Unarmed Combat
   903 | D:2      | Reached XP level 4. HP: 44/44 MP: 3/3
  1166 | D:2      | Noticed Sigmund
  1643 | D:3      | Reached XP level 5. HP: 50/52 MP: 4/4
  1750 | D:3      | Found a shattered altar of Ashenzari.
  2026 | D:4      | Reached skill level 5 in Unarmed Combat
  2260 | D:4      | You fall through a shaft for 2 floors!
  2355 | D:6      | Found a sacrificial altar of Ru.
  2374 | D:6      | Became a worshipper of Ru the Awakened
  2392 | D:6      | Gained mutation: You cannot be stealthy. [Ru sacrifice]
  2472 | D:5      | Entered Level 5 of the Dungeon
  2492 | D:5      | Noticed letownia2's ghost (novice MfSk)
  2517 | D:5      | HP: 2/52 [acid (6)]
  2517 | D:5      | Slain by letownia2's ghost

Skill      XL: |  1  2  3  4  5 |
---------------+----------------+-----
Dodging        | 3 |  3.5
Unarmed Combat | 4 5 |  5.3
Stealth        | 0 |  0.0
Fighting       | |  2.9

Action                   |  1- 3 |  4- 6 || total
-------------------------+-------+-------++-------
Melee: Unarmed           |    68 |   139 ||   207
       Punch             |     3 |     5 ||     8
Invok: Sacrifice Stealth |       |     1 ||     1
  Use: Scroll            |     5 |     2 ||     7
       Potion            |     3 |     2 ||     5
 Stab: Sleeping          |     2 |     1 ||     3
  Eat: Chunk             |    12 |    14 ||    26
Armor: Robe              |    34 |    71 ||   105
Dodge: Dodged            |    37 |    93 ||   130
